 Dungeon Crawl Stone Soup version 0.29-a0-286-g41199d4a87 (webtiles) character file.

Game seed: 15164426709307630656

16247 esteth the Fighter (level 12, 0/95 HPs)
             Began as an Octopode Summoner on Mar 16, 2022.
             Was a High Priest of Dithmenos.
             Succumbed to a cane toad's poison
             ... on level 3 of the Lair of Beasts.
             The game lasted 00:26:59 (17972 turns).

esteth the Fighter (Octopode Summoner)             Turns: 17972, Time: 00:26:59

Health: 0/95       AC:  5    Str:  7    XL:     12   Next: 35%
Magic:  15/15      EV: 33    Int: 17    God:    Dithmenos [*****.]
Gold:   1027       SH:  0    Dex: 18    Spells: 9/15 levels left

rFire   . . .      SeeInvis .   C - +4 long sword
rCold   . . .      Faith    .   (no shield)
rNeg    + + .      Spirit   .   (helmet restricted)
rPois   .          Reflect  .   A - amulet of the acrobat
rElec   .          Harm     .   O - +4 ring of protection
rCorr   .          Rampage  .   E - +4 ring of evasion
Will    .....                   N - ring of positive energy
Stlth   +++++++...              n - ring of positive energy
HPRegen 0.25/turn               (no ring)
MPRegen 0.14/turn               (no ring)
                                (no ring)
                                (no ring)

@: lethally poisoned (0 -> -19), about to teleport, acrobatic, wreathed by umbra
A: almost no armour, amphibious, 8 rings, camouflage 1, gelatinous body 1,
(nimble swimmer 1), tentacles
a: Renounce Religion, Shadow Step, Shadow Form


You were on level 3 of the Lair of Beasts.
You worshipped Dithmenos.
Dithmenos was extremely pleased with you.
You visited 2 branches of the dungeon, and saw 13 of its levels.

You collected 1027 gold pieces.


Innate Abilities, Weirdness & Mutations

You cannot wear most types of armour.
You are amphibious.
You can wear up to eight rings at the same time.
Your skin changes colour to match your surroundings (Stealth+).
Your rubbery body absorbs attacks. (AC +1, EV +1)
((You are camouflaged when in or above water. (Stealth+)))
You have tentacles for arms and can constrict up to eight enemies at once.


   Skills:
 + Level 13.8 Fighting
 + Level 13.5 Long Blades
 - Level 2.4 Dodging
 - Level 5.0 Stealth
 - Level 2.4 Spellcasting
 - Level 4.2 Summonings


You had 9 spell levels left.
You knew the following spells:

 Your Spells              Type           Power      Damage    Failure   Level
e - Ensorcelled Hibernat  Hex/Ice        4%         N/A       28%         2
p - Passwall              Tmut/Erth      1%         N/A       28%         2
s - Summon Small Mammal   Summ           64%        N/A       3%          1
S - Slow                  Hex            8%         N/A       19%         1

Your spell library contained the following spells:

 Spells                   Type           Power      Damage    Failure   Level
 Call Imp                 Summ           16%        N/A       4%          2
 Call Canine Familiar     Summ           16%        N/A       10%         3
 Beastly Appendage        Tmut           4%         N/A       19%         1
 Summon Guardian Golem    Hex/Summ       9%         N/A       24%         3
 Wereblood                Tmut           2%         N/A       28%         2
 Confusing Touch          Hex            2%         N/A       50%         3
 Spider Form              Tmut/Pois      2%         N/A       50%         3
 Swiftness                Air            2%         N/A       50%         3
 Vampiric Draining        Necr           2%         2d6       50%         3
 Summon Lightning Spire   Summ/Air       9%         N/A       61%         4
 Hailstorm                Conj/Ice       2%         3d3       88%         4
 Ice Form                 Ice/Tmut       2%         N/A       88%         4
 Simulacrum               Ice/Necr       1%         N/A       100%        6

Inventory:

Hand Weapons
 c - a +0 dagger of venom
   (You took it off a goblin on level 3 of the Dungeon)
 C - a +4 long sword (weapon)
   (You took it off a wight on level 8 of the Dungeon)
 W - the +2 mace "Octopus's Death" {drain, *Slow rElec MP+9}
   (You found it on level 2 of the Lair of Beasts)

   A truly terrible weapon, it drains the life of any living foe it strikes.
   rElec:     It insulates you from electricity.
   MP:        It affects your magic capacity (+9).
   *Slow:     It may slow you when you take damage.
Missiles
 b - 433 stones
 i - 7 boomerangs
 q - 2 boomerangs of dispersal {=f!f}
 s - 18 poisoned darts
 u - 7 atropa-tipped darts
 M - a throwing net {=f!f}
 Q - 7 curare-tipped darts {=f}
 R - 6 javelins
Armour
 H - a +0 robe
   (You took it off a wight on level 8 of the Dungeon)
Magical Staves
 S - a staff of fire {!a}
   (You found it on level 10 of the Dungeon)
Jewellery
 n - a ring of positive energy (on tentacle)
   (You found it on level 7 of the Dungeon)
 A - an amulet of the acrobat (around mantle)
   (You found it on level 1 of the Dungeon)
 E - a +4 ring of evasion (right tentacle)
   (You found it on level 3 of the Dungeon)
 G - an amulet of guardian spirit
   (You found it on level 2 of the Lair of Beasts)
 L - an amulet of magic regeneration
   (You found it on level 9 of the Dungeon)
 N - a ring of positive energy (on tentacle)
   (You found it on level 6 of the Dungeon)
 O - a +4 ring of protection (left tentacle)
   (You found it on level 1 of the Dungeon)
 T - an amulet of faith {!P}
   (You found it on level 6 of the Dungeon)
Wands
 h - a wand of paralysis (2)
   (You took it off Ijyb on level 3 of the Dungeon)
 z - a wand of flame (13)
   (You found it on level 6 of the Dungeon)
Scrolls
 e - 2 scrolls of noise {unknown}
 f - 4 scrolls of vulnerability {unknown}
 k - a scroll of teleportation {@r4}
 l - 8 scrolls of identify {unknown}
 m - 2 scrolls of enchant armour {unknown}
 o - a scroll of brand weapon {unknown}
 r - a scroll of acquirement {unknown}
 v - a scroll of immolation {unknown}
 x - 3 scrolls of amnesia {unknown}
 y - a scroll of summoning {unknown}
 D - 2 scrolls of fear {unknown}
 I - 2 scrolls of enchant weapon {unknown}
 P - a scroll of holy word {unknown}
 V - 2 scrolls of fog {unknown}
Potions
 a - a potion of magic
 d - 2 potions of flight
 g - 5 potions of degeneration {!q}
 j - 3 potions of might {unknown}
 p - a potion of haste {@q3}
 t - 3 potions of lignification {!q}
 w - a potion of ambrosia
 B - 3 potions of mutation {unknown}
 F - 2 potions of brilliance {unknown}
 J - a potion of curing {@q1}
 K - a potion of heal wounds {unknown}
 U - a potion of attraction {unknown}

Dungeon Overview and Level Annotations

Branches:
Dungeon (10/15)            Temple (0/1) D:5            Lair (3/6) D:10
    Orc (0/2) D:9
  Swamp: Lair:2-4    Shoals: Lair:2-4     Snake: Lair:2-4    Spider: Lair:2-4

Altars:
Dithmenos
Gozag
Hepliaklqana
Kikubaaqudgha
Nemelex Xobeh
Sif Muna
Wu Jian

Shops:
D:2 [   D:6 (   D:9 ([

Annotations:
D:5 Edmund
D:7 exclusion: downstairs
Lair:3 exclusions: 2 death yaks and hydra

...8.#.#...#....................#
.......#.............#........#
..........##.........##....###
#.....#...##..........#...##
##+#.#....##..............######
........##....................
..............................♣
.###.#.#..#......YY...........♣
######.......@.FY.$.......♣♣
.........lh.##....##≈≈≈
.............#.....#≈§≈
##..........#.....##
#.#...#######.....# # ###.
...#.#.§ ## ####.#..


You could see a polar bear, a komodo dragon, 3 yaks and a cane toad.


Message History

😮 HP[-24]
You take 24 damage, and now have 71/95 hp.
MASSIVE DAMAGE!! (PAUSE)
You are too injured to fight recklessly!
You are too injured to fight recklessly!
You are too injured to fight recklessly!
You hit the komodo dragon. You squeeze the komodo dragon.
Your shadow hits the komodo dragon but does no damage.
The komodo dragon bites you but does no damage.
You slash the komodo dragon! 😕 HP[+1]
The death yak bellows!
You slash the komodo dragon!
You kill the komodo dragon!
Dithmenos accepts your kill.
The bullfrog snags a nearby blue-tailed skink with its tongue.
There is a stone staircase leading down here. 😕 HP[+1]
The bullfrog completely misses you. 😕 HP[+1]
The bullfrog hits you. 😕 HP[-1]
You take 1 damage, and now have 73/95 hp.
The bullfrog attacks as you move away! The bullfrog misses you.
You slash the bullfrog! You grab the bullfrog. You squeeze the bullfrog!
You constrict the bullfrog.
The bullfrog hits you but does no damage.
You slice the bullfrog!!
You kill the bullfrog!
Dithmenos accepts your kill.
You now have 1027 gold pieces (gained 14).
A cane toad and 2 yaks come into view.
The yak bellows!
You hear a bellow! 😎 HP[+22]
Your hp is fully restored (95).
A komodo dragon comes into view.
A yak comes into view.
The yak bellows!
The cane toad croaks.
A polar bear comes into view.
The yak closely misses you. The cane toad closely misses you.
You see here 19 gold pieces.
You barely miss the cane toad.
The polar bear growls angrily.
You grab the cane toad. You constrict the cane toad. You slash the yak!
Your shadow closely misses the yak.
You constrict the cane toad. The cane toad closely misses you.
You slash the yak! You squeeze the yak, but do no damage.
You constrict the cane toad. The cane toad stings you!!
You are poisoned.
The cane toad poisons you!
The yak gores you but does no damage. 😕 HP[-20]
You take 20 damage, and now have 75/95 hp.
MASSIVE DAMAGE!! (PAUSE)
You hit the yak.
Your shadow hits the yak with a long sword.
You constrict the cane toad, but do no damage.
You feel very sick. The cane toad stings you!! The yak completely misses you.
The yak barely misses you. 😮 HP[-24]
You take 24 damage, and now have 51/95 hp.
MASSIVE DAMAGE!! (PAUSE)
You release your grip on the cane toad.
The yak attacks as you move away! The yak completely misses you.
You feel very sick. The yak completely misses you. 😨 HP[-4]
You take 4 damage, and now have 47/95 hp.
You feel very sick. 😨 HP[-4]
You take 4 damage, and now have 43/95 hp.
You feel very sick.
The cane toad closely misses you. 😨 HP[-3]
You take 3 damage, and now have 40/95 hp.
The yak attacks as you move away! The yak gores you but does no damage.
You feel sick. 😨 HP[-2]
You take 2 damage, and now have 38/95 hp.
You feel better. The cane toad barely misses you.
The yak barely misses you. 😨 HP[+8]
You regained 8 hp, and now have 46/95 hp.
As you read the scroll of teleportation {@r4}, it crumbles to dust.
You feel strangely unstable. The cane toad stings you!
* * * LOW HITPOINT WARNING * * *
You are poisoned.
The cane toad poisons you! The komodo dragon bites you!
* * * LOW HITPOINT WARNING * * *
The yak gores you.
* * * LOW HITPOINT WARNING * * *
😱 HP[-24]
You take 24 damage, and now have 22/95 hp.
MASSIVE DAMAGE!! (PAUSE)
The komodo dragon attacks as you move away!
The komodo dragon closely misses you. The cane toad attacks as you move away!
The cane toad stings you!
* * * LOW HITPOINT WARNING * * *
You die...

Skill      XL: |  1  2  3  4  5  6  7  8  9 10 11 12 |
---------------+-------------------------------------+-----
Stealth        | 3 4 5 |  5.0
Fighting       | 1 2 3 4 5 7 9 11 13 | 13.8
Long Blades    | 2 3 5 6 9 11 12 13 | 13.5
Dodging        | |  2.4
Spellcasting   | |  2.4
Summonings     | |  4.2

Action                   |  1- 3 |  4- 6 |  7- 9 | 10-12 || total
-------------------------+-------+-------+-------+-------++-------
Melee: Unarmed           |    87 |       |       |       ||    87
       Tentacles         |    30 |    24 |    65 |   121 ||   240
       Constrict         |    22 |    27 |    45 |    66 ||   160
       Punch             |     3 |     2 |     4 |    13 ||    22
       Dagger            |    26 |    43 |       |       ||    69
       Long sword        |       |    66 |   197 |   425 ||   688
 Cast: Summon Small Mamm |     3 |       |       |       ||     3
       Slow              |       |       |       |     3 ||     3
       Ensorcelled Hiber |       |       |       |     3 ||     3
       Passwall          |       |       |       |     1 ||     1
Invok: Shadow Step       |       |       |     1 |       ||     1
  Use: Potion            |     2 |     4 |     3 |     3 ||    12
       Scroll            |       |       |     1 |     2 ||     3
 Stab: Sleeping          |    10 |    21 |    24 |    24 ||    79
       Distracted        |       |       |       |     2 ||     2
Armor: Skin              |    20 |    20 |    32 |    38 ||   110
Dodge: Dodged            |    71 |    91 |   197 |   344 ||   703

Levels and vault maps discovered:
D:1:      dpeg_arrival_erosion, layout_basic,
          shapermc_ecumenical_altar_flowoftime
D:2:      layout_loops_ring, basic_altar, serial_shops, shop_fountains
D:3:      layout_loops_corners, mainiacjoe_overflow_boulevard, serial_forest,
          infiniplex_forest_clump_C, infiniplex_forest_clump_C,
          infiniplex_forest_split, infiniplex_forest_lined_3,
          infiniplex_forest_clump_long, infiniplex_forest_end_2,
          kennysheep_generic_room_12, uniq_ijyb, uniq_robin
D:4:      layout_loops_ring, nemelex_diamond_rough_becter,
          grunt_decor_resistance, uniq_grinder
D:5:      layout_rooms, minmay_temple_entry_glass, uniq_sigmund, uniq_edmund
D:6:      layout_layer_cave, serial_shops, nicolae_diamond_shop, uniq_pikel
D:7:      layout_loops_ring, nicolae_gozag_cash_rules_everything_around_me
D:8:      layout_basic, serial_co_window_serial, co_window_paths_a,
          co_window_paths_a, co_window_paths_a, co_window_paths_a,
          co_window_paths_a, co_window_cross_1, co_window_corner_a,
          co_window_of_opportunity_b, co_window_broadway_a, co_window_paths_c,
          co_window_4corner_a, co_window_sun, glass_columns_a, glass_columns_b,
          glass_columns_a, glass_columns_b, glass_columns_b
D:9:      layout_stronghold, nicolae_wu_jian_glorious_leap,
          nicolae_overflow_crystal_walls, orc_david_3
D:10:     layout_grid_maze, amcnicky_altar_gilded,
          grunt_lair_entry_orc_guard_hut
Lair:1:   layout_layer_cave, beast_lair_carwin_7
Lair:2:   layout_roguey, columned_hall_lemuel, beast_lair_carwin_11,
          grunt_megastairs_5
Lair:3:   nzn_winding_woodlands_medium [nzn_winding_woodlands_5x5_cross,
          nzn_winding_woodlands_5x15_river_crossing,
          nzn_winding_woodlands_5x5_perimeter, nzn_winding_woodlands_5x5_three,
          nzn_winding_woodlands_center_lodge,
          nzn_winding_woodlands_5x5_checkerboard,
          nzn_winding_woodlands_hourglass,
          nzn_winding_woodlands_5x15_lazy_stream,
          nzn_winding_woodlands_5x5_closed_star], layout_gridlike,
          swamp_mist_pool, chequers_serial_rivers_room_a, grunt_megastairs_1

Notes
Turn   | Place    | Note
-------+----------+-------------------------------------------
     0 | D:1      | esteth the Octopode Summoner began the quest for the Orb.
     0 | D:1      | Reached XP level 1. HP: 11/11 MP: 3/3
     0 | D:1      | magus.rc [v1.11.3]
   231 | D:1      | Found a faded altar of an unknown god.
   248 | D:1      | Prayed at the altar of an unknown god.
   248 | D:1      | Became a worshipper of Dithmenos the Shadowed
   248 | D:1      | Reached * piety under Dithmenos
   338 | D:1      | Reached skill level 3 in Stealth
   338 | D:1      | Reached XP level 2. HP: 17/17 MP: 5/5
   399 | D:1      | HP: 4/17 [frozen (2)]
  1076 | D:2      | Reached XP level 3. HP: 18/21 MP: 6/6
  1124 | D:2      | Found Mooloudom's Antique Armour Shop.
  1315 | D:2      | Reached ** piety under Dithmenos
  1404 | D:2      | Found an opulent altar of Gozag.
  1442 | D:2      | Reached skill level 1 in Fighting
  1459 | D:2      | You pick up a book of Burglary and begin reading...
  1459 | D:2      | You add the spells Passwall, Ensorcelled Hibernation and
                  | Swiftness to your library.
  1466 | D:2      | Reached skill level 4 in Stealth
  1495 | D:2      | Reached XP level 4. HP: 28/28 MP: 7/7
  1732 | D:3      | Noticed Ijyb
  1835 | D:3      | Found an ancient bone altar of Kikubaaqudgha.
  2020 | D:3      | Noticed Robin
  2095 | D:3      | Killed Robin
  2106 | D:3      | HP: 7/29 [hobgoblin[Robin] (3)]
  2113 | D:3      | HP: 4/29 [goblin/+0 club[Robin] (1)]
  2154 | D:3      | Paralysed by Ijyb for 5 turns
  2167 | D:3      | Killed Ijyb
  2168 | D:3      | Reached skill level 2 in Fighting
  2168 | D:3      | Reached XP level 5. HP: 12/34 MP: 8/8
  2429 | D:3      | Reached skill level 5 in Stealth
  3089 | D:4      | Reached skill level 1 in Long Blades
  3139 | D:4      | Reached skill level 3 in Fighting
  3139 | D:4      | Reached skill level 2 in Long Blades
  3139 | D:4      | Reached XP level 6. HP: 32/42 MP: 9/9
  3326 | D:4      | Found a sparkling altar of Nemelex Xobeh.
  3594 | D:4      | Reached *** piety under Dithmenos
  3828 | D:4      | You pick up a book of Debilitation and begin reading...
  3828 | D:4      | You add the spells Slow, Vampiric Draining and Confusing
                  | Touch to your library.
  3831 | D:4      | Learned a level 1 spell: Slow
  3834 | D:4      | Learned a level 2 spell: Ensorcelled Hibernation
  3837 | D:4      | Learned a level 2 spell: Passwall
  3946 | D:4      | Noticed Grinder
  3958 | D:4      | Killed Grinder
  3959 | D:4      | Reached skill level 4 in Fighting
  3959 | D:4      | Reached skill level 3 in Long Blades
  3959 | D:4      | Reached XP level 7. HP: 23/49 MP: 10/10
  4384 | D:5      | Entered Level 5 of the Dungeon
  4391 | D:5      | Found a staircase to the Ecumenical Temple.
  4416 | D:5      | Noticed Sigmund
  4426 | D:5      | Killed Sigmund
  4427 | D:5      | Reached skill level 5 in Fighting
  4427 | D:5      | Reached skill level 4 in Long Blades
  4571 | D:5      | Reached skill level 5 in Long Blades
  4571 | D:5      | Reached XP level 8. HP: 57/57 MP: 11/11
  4590 | D:5      | Reached skill level 6 in Fighting
  4592 | D:5      | HP: 12/57 [poisoned by a water moccasin]
  4597 | D:5      | HP: 5/57 [poisoned by a water moccasin]
  4600 | D:5      | HP: 2/57 [poisoned by a water moccasin]
  5032 | D:5      | Noticed Edmund
  5648 | D:6      | Reached skill level 6 in Long Blades
  5707 | D:6      | Reached skill level 7 in Fighting
  6019 | D:6      | Reached XP level 9. HP: 61/64 MP: 12/12
  6023 | D:6      | Reached skill level 7 in Long Blades
  6145 | D:6      | Noticed Pikel
  6179 | D:6      | Killed Pikel
  6180 | D:6      | Reached skill level 8 in Fighting
  6429 | D:6      | Found Gaeforuz's Weapon Shoppe.
  7462 | D:7      | Found an opulent altar of Gozag.
  7531 | D:7      | Reached skill level 8 in Long Blades
  7835 | D:7      | You pick up a book of Debilitation and begin reading...
  8186 | D:8      | HP: 12/67 [orc warrior/+0 glaive (15)]
  8721 | D:8      | Noticed a hornet
  8763 | D:7      | Reached skill level 9 in Fighting
  8982 | D:8      | Reached **** piety under Dithmenos
  9114 | D:8      | Reached skill level 9 in Long Blades
  9115 | D:8      | HP: 14/68 [killer bee (7)]
  9120 | D:8      | HP: 12/103 [poisoned by a killer bee]
  9126 | D:8      | HP: 8/103 [poisoned by a killer bee]
  9587 | D:8      | Reached XP level 10. HP: 70/74 MP: 13/13
  9854 | D:8      | Paralysed by a hornet for 2 turns
 11125 | D:9      | Reached skill level 10 in Fighting
 11274 | D:9      | Found an ornate altar of the Wu Jian Council.
 11335 | D:9      | Found Ycwonuh's Weapon Shop.
 11335 | D:9      | Found a staircase to the Orcish Mines.
 11342 | D:9      | Found Ufintab's Armour Shop.
 11673 | D:9      | Reached skill level 10 in Long Blades
 11705 | D:9      | You pick up a book of the Tundra and begin reading...
 11705 | D:9      | You add the spells Hailstorm, Ice Form and Simulacrum to
                  | your library.
 11928 | D:9      | Found a shimmering blue altar of Sif Muna.
 12293 | D:10     | Entered Level 10 of the Dungeon
 12717 | D:10     | Reached ***** piety under Dithmenos
 12993 | D:10     | Found a hazy altar of Hepliaklqana.
 13084 | D:10     | Found a staircase to the Lair.
 13090 | D:10     | You pick up a book of Changes and begin reading...
 13090 | D:10     | You add the spells Beastly Appendage, Wereblood and Spider
                  | Form to your library.
 13209 | D:10     | Reached skill level 11 in Fighting
 13598 | Lair:1   | Entered Level 1 of the Lair of Beasts
 13672 | Lair:1   | Reached skill level 11 in Long Blades
 13676 | Lair:1   | HP: 16/79 [yak (15)]
 13679 | Lair:1   | Reached XP level 11. HP: 17/83 MP: 14/14
 14712 | Lair:1   | Reached skill level 12 in Fighting
 15330 | Lair:2   | Identified the +2 mace "Octopus's Death" {drain, *Slow
                  | rElec MP+9}
 15440 | Lair:2   | Reached skill level 12 in Long Blades
 15446 | Lair:2   | HP: 21/85 [yak (15)]
 15523 | Lair:2   | HP: 21/86 [torpor snail (8)]
 16193 | Lair:2   | Noticed a boulder beetle
 16207 | Lair:2   | HP: 21/87 [boulder beetle (2)]
 16644 | Lair:2   | Reached skill level 13 in Fighting
 16813 | Lair:2   | Reached XP level 12. HP: 94/94 MP: 15/15
 16826 | Lair:2   | Reached skill level 13 in Long Blades
 17374 | Lair:3   | Noticed a death yak
 17393 | Lair:3   | Noticed a death yak
 17461 | Lair:3   | Noticed a six-headed hydra
 17971 | Lair:3   | HP: 22/95 [yak (3)]
 17972 | Lair:3   | HP: 5/95 [cane toad (17)]
 17972 | Lair:3   | Succumbed to a cane toad's poison

Vanquished Creatures
  Pikel (D:6)
  A black mamba (Lair:2)
  A torpor snail (Lair:2)
  4 cane toads (Lair:2)
  6 komodo dragons
  A hornet (D:8)
  3 polar bears
  Grinder (D:4)
  A troll (D:10)
  5 blink frogs (Lair:1)
  A shadow (D:9)
  24 yaks
  Sigmund (D:5)
  2 wyverns (D:9)
  4 basilisks
  A steam dragon (D:9)
  12 water moccasins
  4 orc warriors
  5 black bears
  6 wolves (Lair:3)
  2 centaurs
  A kobold brigand (D:10)
  14 bullfrogs
  A gnoll sergeant (D:9)
  7 scorpions
  6 wights
  3 killer bees (D:8)
  6 howler monkeys
  2 hounds
  4 jellies
  A gnoll shaman (D:10)
  6 orc priests
  2 iguanas (D:4)
  Ijyb (D:3)
  4 orc wizards
  Robin (D:3)
  8 adders
  11 gnolls
  2 white imps (D:6)
  2 ufetubi
  A worm (D:4)
  35 orcs
  3 ball pythons
  9 endoplasms
  3 giant cockroaches
  14 goblins
  9 hobgoblins
  3 jackals (D:5)
  9 kobolds
  3 quokkas
  2 bats
  6 frilled lizards
  7 rats
272 creatures vanquished.

Vanquished Creatures (collateral kills)
  A ball python (D:1)
1 creature vanquished.

Vanquished Creatures (others)
  A bush (D:3)
  15 fungi
  27 plants
  3 withered plants (D:1)
46 creatures vanquished.

Grand Total: 319 creatures vanquished

Table legend:
 A = Non-vault XP
 B = Vault XP
 C = Vault XP percentage of total XP
 D = Non-vault monster count
 E = Vault monster count
 F = Vault count percentage of total count
                 A         B        C        D         E       F
            +---------+---------+-------+---------+---------+-------
      Total |   19478 |    3732 |  16.1 |     234 |      39 |  14.3
            +---------+---------+-------+---------+---------+-------
        D:1 |      30 |       0 |   0.0 |      18 |       0 |   0.0
        D:2 |      57 |       0 |   0.0 |      22 |       0 |   0.0
        D:3 |      36 |      74 |  67.3 |       8 |      14 |  63.6
        D:4 |     292 |     286 |  49.5 |      24 |       1 |   4.0
        D:5 |     631 |     214 |  25.3 |      10 |       1 |   9.1
        D:6 |     890 |     586 |  39.7 |      27 |       1 |   3.6
        D:7 |     638 |       0 |   0.0 |       7 |       0 |   0.0
        D:8 |    1521 |       0 |   0.0 |      28 |       0 |   0.0
        D:9 |    1651 |      12 |   0.7 |      21 |       4 |  16.0
       D:10 |    1192 |     624 |  34.4 |      14 |       6 |  30.0
     Lair:1 |    2864 |     687 |  19.3 |      12 |       5 |  29.4
     Lair:2 |    6223 |     666 |   9.7 |      26 |       4 |  13.3
     Lair:3 |    3453 |     583 |  14.4 |      17 |       3 |  15.0
            +---------+---------+-------+---------+---------+-------

Illustrated notes

Table legend:
 A = Kills in this place as a percentage of kills in entire the game.
 B = Kills by you in this place as a percentage of kills by you in the entire game.
 C = Kills by friends in this place as a percentage of kills by friends in the entire game.
 D = Other kills in this place as a percentage of other kills in the entire game.
 E = Experience gained in this place as a percentage of experience gained in the entire game.
 F = Experience gained in this place divided by the number of levels of this place that you have seen.
                   A       B       C       D       E      F
               +-------+-------+-------+-------+-------+----------------------
         Total | 100.0 | 100.0 | 100.0 |   N/A | 100.0 | 1785.4
       Dungeon |  75.5 |  75.4 | 100.0 |   N/A |  37.6 | 873.4
          Lair |  24.5 |  24.6 |   0.0 |   N/A |  62.4 | 4825.3
               +-------+-------+-------+-------+-------+----------------------

Table legend: (Time is in decaauts)
 A = Elapsed time spent in this place.
 B = Non-inter-level travel time spent in this place.
 C = Inter-level travel time spent in this place.
 D = Time resting spent in this place.
 E = Time spent auto-exploring this place.
 F = Levels seen in this place.
 G = Mean time per level.
                   A        B        C        D        E       F      G
               +--------+--------+--------+--------+--------+-----+--------+
         Total |  17889 |  17364 |    525 |   3197 |  11735 |  13 | 1376.1 |
       Dungeon |  13584 |  13106 |    478 |   2223 |   9129 |  10 | 1358.4 |
          Lair |   4304 |   4258 |     46 |    974 |   2606 |   3 | 1434.7 |
               +--------+--------+--------+--------+--------+-----+--------+

Top non-repeatable levels by time:
     D:8: 2256 daAuts
  Lair:2: 1803 daAuts
     D:6: 1708 daAuts
  Lair:1: 1618 daAuts
     D:7: 1600 daAuts
     D:3: 1381 daAuts
     D:4: 1315 daAuts
    D:10: 1297 daAuts
     D:9: 1259 daAuts
     D:5: 1060 daAuts
     D:1: 1055 daAuts
  Lair:3: 883 daAuts
     D:2: 648 daAuts
